 Dungeon Crawl Stone Soup version 0.29.0-4-gdea44cf6ec (webtiles) character file.

Game seed: 5839007983329515453

132136 qw the Severer (level 17, -9/87 HPs)
             Began as a Gargoyle Fighter on Sept 7, 2022.
             Was the Champion of Okawaru.
             Mangled by a shadow wraith (17 damage)
             ... on level 2 of the Abyss.
             The game lasted 00:10:32 (23856 turns).

qw the Severer (Gargoyle Fighter)                  Turns: 23856, Time: 00:10:33

Health: -9/87      AC: 40    Str: 35      XL:     17   Next: 11%
Magic:  23/25      EV:  8    Int:  8      God:    Okawaru [******]
Gold:   1316       SH: 35    Dex:  4 (5)  Spells: 16/16 levels left

rFire   . . .      SeeInvis +   w - +11 broad axe "Tonealer" {vorpal, Str+5 Int+2}
rCold   . . .      Faith    .   e - +18 shield of the Gong {rElec rN+ Will+ EV-5}
rNeg    + + .      Spirit   .   x - +2 plate armour
rPois   inf        Reflect  +   B - +1 hat {Stlth+}
rElec   +          Harm     .   s - scarf {repulsion}
rCorr   .          Rampage  .   u - +2 pair of gloves {Str+3}
Will    ++...                   o - +2 pair of boots
Stlth   ..........              c - amulet of reflection
HPRegen 0.24/turn               h - +4 ring of evasion
MPRegen 0.19/turn               H - ring of see invisible

@: about to teleport, heroic, on berserk cooldown, flying, slowed, repel
missiles, unable to drink, very slow
A: sickness immunity, AC +12, big wings, negative energy resistance 1,
electricity resistance, torment resistance 1, petrification resistance, horns 1,
clumsy 2, deterioration 1, wild magic 1, [dopey 2], [frail 2], [subdued magic
1], [inability to drink after injury 1]
a: Renounce Religion, Heroism, Finesse, Duel


You were on level 2 of the Abyss.
You worshipped Okawaru.
Okawaru was exalted by your worship.
You visited 3 branches of the dungeon, and saw 21 of its levels.
You visited the Abyss 1 time.
You also visited: Sewer.

You collected 1495 gold pieces.
You spent 179 gold pieces at shops.


Innate Abilities, Weirdness & Mutations

You are immune to sickness and miasma.
Your stone body is resilient. (AC +12)
You are immune to poison.
Your large and strong wings let you fly.
You resist negative energy. (rN+)
You are resistant to electric shocks. (rElec)
You are resistant to unholy torment.
You are immune to petrification.
You have a pair of small horns on your head.
You are very clumsy. (Dex -4)
Your body sometimes deteriorates upon taking damage.
Your spells are a little harder to cast, but a little more powerful.
[You are very dopey. (Int -4)]
[You are very frail. (-20% HP)]
[Your spells are a little easier to cast, but a little less powerful.]
[You occasionally lose the ability to drink potions when taking damage.]


   Skills:
 - Level 13.2(18.2) Fighting
 - Level 18.0(23.0) Axes
 - Level 6.6(11.6) Throwing
 + Level 11.7(16.7) Armour
 - Level 3.0(8.0) Dodging
 - Level 13.2(18.2) Shields
 - Level 11.7 Invocations


You had 16 spell levels left.
You didn't know any spells.
Your spell library was empty.

Inventory:

Hand Weapons
 v - the +1 demon whip "Awechiky" {vamp, Contam rPois Dex+8}
   (You acquired it on level 7 of the Dungeon)

   It occasionally heals its wielder for a portion of the damage dealt when it
   wounds a living foe.
   Dex:       It affects your dexterity (+8).
   rPois:     It protects you from poison.
   Contam:    It causes magical contamination when unequipped.
 w - the +11 broad axe "Tonealer" (weapon) {vorpal, Str+5 Int+2}
   (You found it on level 7 of the Dungeon)

   It inflicts extra damage upon your enemies.
   Str:       It affects your strength (+5).
   Int:       It affects your intelligence (+2).
Missiles
 l - 3 boomerangs (quivered)
Armour
 e - the +18 shield of the Gong (worn) {rElec rN+ Will+ EV-5}
   (You found it on level 8 of the Dungeon)

   It is deafeningly noisy when blocking attacks.
   EV:        It affects your evasion (-5).
   rElec:     It insulates you from electricity.
   rN:        It protects you from negative energy.
   Will:      It increases your willpower.
 o - a +2 pair of boots (worn)
 s - a scarf of repulsion (worn)
 t - a +0 cloak
 u - a +2 pair of gloves of strength (worn)
 x - a +2 plate armour (worn)
 B - a +1 hat of stealth (worn)
Jewellery
 c - an amulet of reflection (around neck)
 h - a +4 ring of evasion (left hand)
 C - a ring of protection from fire
 D - a +4 ring of protection
 H - a ring of see invisible (right hand)
 K - the ring of Zajad {Fire Str-5 Dex+4 Stlth+}
   (You acquired it on level 3 of the Lair of Beasts)

   [ring of fire]

   It enhances your fire magic.
   Str:       It affects your strength (-5).
   Dex:       It affects your dexterity (+4).
   rF:        It protects you from fire.
   rC:        It makes you vulnerable to cold.
   Stlth:     It makes you more stealthy.
Scrolls
 g - a scroll of teleportation
 i - 8 scrolls of identify
 m - 2 scrolls of brand weapon
 p - a scroll of enchant weapon
 y - 2 scrolls of blinking
 E - a scroll of fog
Potions
 a - 5 potions of heal wounds
 b - a potion of cancellation
 d - a potion of might
 f - 4 potions of attraction
 j - 3 potions of lignification
 k - a potion of magic
 n - a potion of resistance
 q - 2 potions of haste
 r - 4 potions of mutation
 z - 8 potions of curing

Dungeon Overview and Level Annotations

Branches:
Dungeon (15/15)            Temple (0/1) D:5            Lair (5/5) D:10
 Shoals (0/4) Lair:3       Spider (0/4) Lair:3        Slime (0/5) Lair:5
    Orc (1/2) D:9          Vaults (0/5) D:14         Depths (0/4) D:15
  Sewer (visited)

Altars:
Cheibriados
Elyvilon
Fedhas
Gozag
Hepliaklqana
Kikubaaqudgha
Makhleb
Nemelex Xobeh
Okawaru
Ru
Trog
Uskayaw
Vehumet
Wu Jian
Yredelemnul
Zin
The Shining One
Lugonu

Shops:
D:1 *   D:3 *

Portals:
Abyss: Lair:5

Annotations:
D:12 1 runed translucent door, Lytaqeus's ghost, journeyman GnWn
Orc:1 Sonja


Message History

SHROANNG!
The bone dragon tramples you but does no damage.
The starcursed mass touches you but does no damage.
An eye of devastation comes into view.
You hear a shout!
You slash the starcursed mass!
You destroy the starcursed mass!
Okawaru accepts your kill.
You slash the shadow wraith! You slash the bone dragon!
You hit the torpor snail. You block the bone dragon's attack.
GONNNNG!
The bone dragon barely misses you. You block the bone dragon's attack.
PTOANNNG!
The shadow wraith hits you but does no damage.
A raiju comes into view.
The bone dragon bites you!
The bone dragon claws you but does no damage.
You block the bone dragon's attack.
PTOANNNG!
You block the shadow wraith's attack.
GONNNNG!
The torpor snail bites you but does no damage.
The eye of devastation gazes at you. The bolt of energy hits you!
You feel threatened and lose the ability to drink potions!
Your body deteriorates!
You feel clumsy.
23856 ||| READING 2 scrolls of teleportation.
As you read the scroll of teleportation, it crumbles to dust.
You feel strangely unstable.
You feel the power of the Abyss delaying your translocation!
A worldbinder comes into view.
An iron imp comes into view.
You block the bone dragon's attack.
PTOANNNG!
You block the bone dragon's attack.
GONNNNG!
You block the bone dragon's attack.
GONNNNG!
The shadow wraith hits you!
You die...

. .. .. . . ..
.....5.x...G . .
......h... ... ..
#.......###...#
....##........#....
..................
................. .
......W........
..........@w..#.
..#..#.#.D.#.## #.
..####.#. # .. #..
....# ##.# #.. .
.#.. [#.# # ##.
....# .#. # .#.# .
.##. .


You could see a bone dragon, a torpor snail, an eye of devastation, a shadow
wraith (invisible), a worldbinder, a raiju and an iron imp.

Vanquished Creatures
  A Hell Sentinel (Abyss:2)
  Kirke (Lair:5)
  An Executioner (Abyss:2)
  6 tentacled starspawn (Abyss:2)
  A cacodemon (Abyss:2)
  2 lorocyprocas (Abyss:2)
  A green death (Abyss:2)
  Josephine (D:10)
  A yaktaur captain (D:15)
  Fannar (D:11)
  Erolcha (D:9)
  An ice dragon (Lair:5)
  A catoblepas (Lair:4)
  8 vault guards (D:14)
  2 rakshasas (Abyss:2)
  Harold (D:11)
  3 boulder beetles
  A jorogumo (shapeshifter) (D:15)
  6 centaur warriors
  Erica (D:9)
  2 hell hogs (Abyss:2)
  3 two-headed ogres
  3 tengu warriors
  A soul eater (Abyss:2)
  A sun demon (Abyss:2)
  9 thrashing horrors
  4 wretched stars (Abyss:2)
  A sixfirhy (Abyss:2)
  Amaemon (D:11)
  A glowing orange brain (D:15)
  A spatial maelstrom (Abyss:2)
  25 starcursed masses (Abyss:2)
  2 deep elf pyromancers
  2 lindwurms
  An orc sorcerer (Abyss:2)
  17 ugly things
  An oklob plant (Lair:5)
  A wolf spider (D:15)
  2 cyclopes
  6 manticores
  A manticore (shapeshifter) (D:15)
  8 slime creatures
  2 vault sentinels
  11 elephants
  Joseph (D:9)
  2 torpor snails (Lair:2)
  An ice statue (Lair:5)
  4 smoke demons
  3 black mambas
  2 orange demons
  2 unseen horrors
  3 gargoyles (D:7)
  A kobold demonologist (D:10)
  18 cane toads
  6 rime drakes
  Psyche (D:12)
  10 komodo dragons
  5 efreet
  2 tengu conjurers
  2 ancient zymes (Lair:5)
  6 trolls
  A queen bee (Lair:3)
  3 polar bears
  4 merfolk (Lair:3)
  A harpy skeleton (Abyss:2)
  A hornet (D:7)
  14 large abominations
  15 blink frogs
  2 dream sheep (Lair:2)
  A jumping spider (Lair:3)
  A spriggan (Lair:2)
  4 flying skulls (Abyss:2)
  A shadow (D:10)
  2 water elementals (D:15)
  5 ynoxinuls
  9 wyverns
  Eustachio (D:4)
  A human (D:13)
  47 yaks
  3 vampires
  Grum (D:11)
  9 basilisks
  6 hogs
  9 wraiths
  4 chaos spawn
  3 neqoxecs (Abyss:2)
  2 steam dragons
  A golden eye (Abyss:2)
  3 redbacks (Lair:3)
  2 acid dragons
  20 small abominations
  17 water moccasins
  4 spatial vortices (Abyss:2)
  Duvessa (D:7)
  Pargi (Sewer)
  8 orc warriors
  7 ice beasts
  6 black bears
  A sky beast (D:8)
  A boggart (shapeshifter) (D:15)
  29 wolves
  4 centaurs
  2 ogres
  Blork the orc (D:6)
  A gnoll sergeant (D:6)
  4 kobold brigands
  10 bullfrogs
  An earth elemental (Abyss:2)
  5 scorpions
  10 wights
  Dowan (D:7)
  28 killer bees (Lair:3)
  2 electric eels (D:15)
  3 howler monkeys
  2 quasits (Abyss:2)
  3 hounds (D:7)
  3 jellies
  5 orc priests
  An iron imp (Abyss:2)
  Jessica (D:3)
  Ijyb (D:3)
  An iguana (D:4)
  4 orc wizards
  8 hell rats
  7 gnolls
  13 adders
  A river rat (D:6)
  A shadow imp (D:6)
  4 white imps
  3 ufetubi
  4 worms
  2 dart slugs
  33 orcs
  9 ball pythons
  2 bats
  7 endoplasms
  13 giant cockroaches
  7 goblins
  4 hobgoblins
  26 kobolds
  3 quokkas
  6 frilled lizards
  6 rats
  A spectral kobold (D:8)
  5 starspawn tentacles (Abyss:2)
725 creatures vanquished.

Vanquished Creatures (others)
  5 bushes
  39 fungi
  106 plants
  11 starspawn tentacles (Abyss:2)
161 creatures vanquished.

Grand Total: 886 creatures vanquished

Notes
Turn   | Place    | Note
-------+----------+-------------------------------------------
     0 | D:1      | qw the Gargoyle Fighter began the quest for the Orb.
     0 | D:1      | Reached XP level 1. HP: 14/14 MP: 1/1
     0 | D:1      | 0 ||| qw: Version: 0.1-a-108-g9e35731
     0 | D:1      | 0 ||| qw: Game counter: 6540
     0 | D:1      | 0 ||| qw: Always use a shield: true
     0 | D:1      | 0 ||| qw: God list: Okawaru
     0 | D:1      | 0 ||| qw: Allow faded altars: false
     0 | D:1      | 0 ||| qw: Do Orc after D:15 true
     0 | D:1      | 0 ||| qw: Do second Lair branch before Depths: true
     0 | D:1      | 0 ||| qw: Lair rune preference: random
     0 | D:1      | 0 ||| qw: Plans: Normal, Zot, God:TSO, Crypt, Tomb, Zig,
                  | Orb
     0 | D:1      | 0 ||| PLANNING D:1-11
    62 | D:1      | 62 ||| Stepping ~*~*~tactically~*~*~ (stealth).
    66 | D:1      | 66 ||| Stepping ~*~*~tactically~*~*~ (stealth).
    68 | D:1      | 68 ||| Stepping ~*~*~tactically~*~*~ (stealth).
    74 | D:1      | Reached skill level 2 in Axes
   151 | D:1      | Reached XP level 2. HP: 19/19 MP: 2/2
   158 | D:1      | Found Jiokh's General Store.
   215 | D:1      | 215 ||| BUYING scroll of identify (26 gold).
   215 | D:1      | Bought a scroll of identify for 26 gold pieces
   959 | D:1      | 959 ||| UPGRADING to +4 ring of evasion.
   960 | D:1      | 960 ||| READING scroll labelled ZUILOL FEVOFF.
   961 | D:1      | 961 ||| READING 2 scrolls of identify.
   961 | D:1      | 961 ||| IDENTIFYING smoky ruby potion
   962 | D:1      | 962 ||| DROPPING potion of brilliance.
  1148 | D:2      | Reached skill level 3 in Axes
  1171 | D:2      | Reached XP level 3. HP: 20/23 MP: 3/3
  1634 | D:2      | Reached XP level 4. HP: 28/28 MP: 4/4
  1675 | D:2      | 1675 ||| UPGRADING to amulet of the acrobat.
  1680 | D:2      | 1680 ||| DRINKING 2 emerald potions.
  1681 | D:2      | 1681 ||| DROPPING potion of flight.
  1757 | D:3      | Found an iron altar of Okawaru.
  1762 | D:3      | Found a blossoming altar of Fedhas.
  1763 | D:3      | Found a white marble altar of Elyvilon.
  1763 | D:3      | Found a bloodstained altar of Trog.
  1771 | D:3      | Became a worshipper of Warmaster Okawaru
  1800 | D:3      | 1800 ||| Stepping ~*~*~tactically~*~*~ (stealth).
  1803 | D:3      | 1803 ||| Stepping ~*~*~tactically~*~*~ (stealth).
  1806 | D:3      | Reached skill level 4 in Axes
  1985 | D:3      | 1985 ||| Stepping ~*~*~tactically~*~*~ (hiding).
  2196 | D:3      | Noticed Ijyb
  2206 | D:3      | HP: 6/28 [Ijyb/puff of flame (7)]
  2208 | D:3      | Killed Ijyb
  2209 | D:3      | Reached XP level 5. HP: 7/32 MP: 5/5
  2400 | D:3      | 2400 ||| Stepping ~*~*~tactically~*~*~ (stealth).
  2401 | D:3      | 2401 ||| Stepping ~*~*~tactically~*~*~ (stealth).
  2480 | D:3      | Reached skill level 5 in Axes
  2585 | D:3      | Noticed Jessica
  2596 | D:3      | 2596 ||| Stepping ~*~*~tactically~*~*~ (hiding).
  2601 | D:3      | Killed Jessica
  2736 | D:3      | Found a sacrificial altar of Ru.
  2819 | D:3      | Reached XP level 6. HP: 39/39 MP: 6/6
  2902 | D:3      | Found Hipp's Assorted Antiques.
  2910 | D:3      | 2910 ||| BUYING pair of runed boots (135 gold).
  2910 | D:3      | Bought a pair of runed boots for 135 gold pieces
  2910 | D:3      | 2910 ||| SHOPLISTING plate armour (414 gold, have 27).
  2910 | D:3      | 2910 ||| BUYING scroll labelled TOOCOTTIZYN (18 gold).
  2910 | D:3      | Bought a scroll labelled TOOCOTTIZYN for 18 gold pieces
  2910 | D:3      | 2910 ||| SHOPLISTING scroll labelled TOOCOTTIZYN (18 gold,
                  | have 9).
  2910 | D:3      | 2910 ||| SHOPLISTING scroll labelled ZOMUUNN LARCH (18
                  | gold, have 9).
  3118 | D:3      | 3118 ||| UPGRADING to +0 chain mail.
  3128 | D:3      | 3128 ||| DROPPING +0 scale mail.
  3129 | D:3      | 3129 ||| UPGRADING to +2 pair of boots.
  3134 | D:3      | 3134 ||| READING scroll labelled KURUPH LUNUEDU.
  3134 | D:3      | Identified a scroll of acquirement
  3134 | D:3      | 3134 ||| ACQUIRING amulet "Tuca" {RegenMP +Inv rElec rN+++
                  | Int-5}
  3134 | D:3      | Acquired the amulet "Tuca" {RegenMP +Inv rElec rN+++ Int-5}
  3136 | D:3      | 3136 ||| READING scroll labelled POETZIEPS HINK.
  3137 | D:3      | 3137 ||| READING scroll labelled TOOCOTTIZYN.
  3140 | D:3      | 3140 ||| DRINKING 4 blue potions.
  3264 | D:4      | 3264 ||| FLEEEEING.
  3265 | D:4      | 3265 ||| FLEEEEING.
  3358 | D:4      | Found an ancient bone altar of Kikubaaqudgha.
  3377 | D:4      | 3377 ||| DROPPING +0 club.
  3400 | D:4      | 3400 ||| Stepping ~*~*~tactically~*~*~ (stealth).
  3615 | D:4      | Found a snail-covered altar of Cheibriados.
  3654 | D:4      | Reached * piety under Okawaru
  3773 | D:4      | Noticed Eustachio
  3774 | D:4      | 3774 ||| INVOKING Heroism.
  3817 | D:4      | Killed Eustachio
  3818 | D:4      | Reached skill level 6 in Axes
  3818 | D:4      | Reached XP level 7. HP: 16/44 MP: 7/7
  4130 | D:4      | Found a burning altar of Makhleb.
  4131 | D:4      | Found a basalt altar of Yredelemnul.
  4284 | D:4      | 4284 ||| UPGRADING to +0 helmet.
  4289 | D:4      | 4289 ||| DROPPING ring of magical power.
  4290 | D:4      | 4290 ||| READING scroll labelled CONOTUN OLIKH.
  4291 | D:4      | 4291 ||| DRINKING 2 purple potions.
  4323 | D:4      | 4323 ||| DRINKING 2 amethyst potions.
  4324 | D:4      | 4324 ||| DROPPING potion of degeneration.
  4375 | D:5      | Entered Level 5 of the Dungeon
  4375 | D:5      | Found a staircase to the Ecumenical Temple.
  4388 | D:5      | 4388 ||| INVOKING Heroism.
  4392 | D:5      | Reached skill level 1 in Invocations
  4398 | D:5      | HP: 6/44 [orc warrior/+0 great sword (8)]
  4399 | D:5      | 4399 ||| READING scroll of teleportation.
  4400 | D:5      | 4400 ||| DRINKING 3 potions of heal wounds.
  4401 | D:5      | 4401 ||| INVOKING Heroism.
  4416 | D:5      | Reached skill level 3 in Invocations
  4742 | D:5      | Reached skill level 7 in Axes
  4742 | D:5      | Reached XP level 8. HP: 48/48 MP: 10/10
  4879 | D:5      | 4879 ||| INVOKING Heroism.
  4887 | D:5      | Reached skill level 1 in Dodging
  4989 | D:5      | 4989 ||| UPGRADING to +0 kite shield.
  4999 | D:5      | 4999 ||| DROPPING +0 buckler.
  5000 | D:5      | 5000 ||| READING scroll labelled ENENUSTR SEUJ.
  5001 | D:5      | 5001 ||| READING scroll labelled JIAHOSHIREI.
  5060 | D:5      | 5060 ||| DRINKING 2 bubbling golden potions.
  5060 | D:5      | Gained mutation: Your body sometimes deteriorates upon
                  | taking damage. [potion of mutation]
  5060 | D:5      | Gained mutation: You have a pair of small horns on your
                  | head. [potion of mutation]
  5060 | D:5      | Gained mutation: You are clumsy. (Dex -2) [potion of
                  | mutation]
  5060 | D:5      | Gained mutation: Your spells are a little harder to cast,
                  | but a little more powerful. [potion of mutation]
  5061 | D:5      | 5061 ||| DROPPING +0 helmet.
  5062 | D:5      | 5062 ||| READING 2 scrolls of identify.
  5062 | D:5      | 5062 ||| IDENTIFYING fizzy amethyst potion
  5065 | D:6      | Noticed Blork the orc
  5066 | D:6      | 5066 ||| PLANNING SEWER
  5066 | D:6      | 5066 ||| STAIRDANCE
  5071 | D:6      | 5071 ||| STAIRDANCE
  5115 | D:6      | 5115 ||| INVOKING Heroism.
  5132 | D:6      | Killed Blork the orc
  5170 | D:6      | 5170 ||| INVOKING Heroism.
  5178 | D:6      | Reached ** piety under Okawaru
  5187 | D:6      | 5187 ||| Stepping ~*~*~tactically~*~*~ (stealth).
  5188 | D:6      | 5188 ||| Stepping ~*~*~tactically~*~*~ (stealth).
  5235 | D:6      | 5235 ||| Stepping ~*~*~tactically~*~*~ (hiding).
  5370 | D:6      | 5370 ||| INVOKING Heroism.
  5376 | D:6      | Reached skill level 6 in Shields
  5558 | D:6      | Found a glowing drain.
  5564 | D:6      | 5564 ||| DROPPING amulet "Tuca" {RegenMP +Inv rElec rN+++
                  | Int-5}.
  5565 | D:6      | 5565 ||| UPGRADING to amulet of reflection.
  5575 | D:6      | 5575 ||| DROPPING amulet of the acrobat.
  5579 | Sewer    | Entered a sewer
  5596 | Sewer    | Noticed Pargi
  5603 | Sewer    | 5603 ||| INVOKING Heroism.
  5610 | Sewer    | Killed Pargi
  5778 | Sewer    | 5778 ||| Stepping ~*~*~tactically~*~*~ (water).
  5879 | Sewer    | 5879 ||| READING scroll labelled HEMAEROEG OBEH.
  5880 | Sewer    | 5880 ||| READING scroll labelled ZOMUUNN LARCH.
  5894 | D:6      | 5894 ||| PLANNING D:1-11
  6143 | D:7      | Noticed a hornet
  6144 | D:7      | 6144 ||| Stepping ~*~*~tactically~*~*~ (stealth).
  6169 | D:7      | 6169 ||| Stepping ~*~*~tactically~*~*~ (stealth).
  6180 | D:7      | 6180 ||| INVOKING Heroism.
  6191 | D:7      | Killed a hornet
  6192 | D:7      | Reached XP level 9. HP: 25/54 MP: 10/12
  6278 | D:7      | 6278 ||| Stepping ~*~*~tactically~*~*~ (stealth).
  6279 | D:7      | 6279 ||| Stepping ~*~*~tactically~*~*~ (stealth).
  6326 | D:7      | 6326 ||| Stepping ~*~*~tactically~*~*~ (stealth).
  6327 | D:7      | 6327 ||| Stepping ~*~*~tactically~*~*~ (stealth).
  6333 | D:7      | 6333 ||| Stepping ~*~*~tactically~*~*~ (stealth).
  6334 | D:7      | 6334 ||| Stepping ~*~*~tactically~*~*~ (stealth).
  6348 | D:7      | 6348 ||| Stepping ~*~*~tactically~*~*~ (stealth).
  6352 | D:7      | 6352 ||| Stepping ~*~*~tactically~*~*~ (stealth).
  6353 | D:7      | 6353 ||| INVOKING Heroism.
  6360 | D:7      | Reached skill level 8 in Axes
  6480 | D:7      | 6480 ||| FLEEEEING.
  6481 | D:7      | 6481 ||| FLEEEEING.
  6485 | D:7      | 6485 ||| FLEEEEING.
  6486 | D:7      | 6486 ||| FLEEEEING.
  6487 | D:7      | 6487 ||| FLEEEEING.
  6489 | D:7      | 6489 ||| FLEEEEING.
  6490 | D:7      | 6490 ||| FLEEEEING.
  6491 | D:7      | 6491 ||| FLEEEEING.
  6492 | D:7      | 6492 ||| FLEEEEING.
  6493 | D:7      | 6493 ||| FLEEEEING.
  6494 | D:7      | 6494 ||| FLEEEEING.
  6495 | D:7      | 6495 ||| INVOKING Heroism.
  6679 | D:7      | Reached skill level 6 in Fighting
  6755 | D:7      | 6755 ||| UPGRADING to scarf of repulsion.
  6760 | D:7      | 6760 ||| UPGRADING to +1 pair of gloves of strength.
  6765 | D:7      | 6765 ||| READING scroll of enchant armour.
  6765 | D:7      | 6765 ||| ENCHANTING +1 pair of gloves of strength.
  6766 | D:7      | 6766 ||| READING 2 scrolls labelled KOVURU IWKOAKA.
  6767 | D:7      | 6767 ||| READING scroll labelled ZERIZA HIDDU.
  6768 | D:7      | 6768 ||| READING scroll labelled EWNIUXKUADGH.
  6769 | D:7      | 6769 ||| READING 2 scrolls of identify.
  6769 | D:7      | 6769 ||| IDENTIFYING pink potion
  6770 | D:7      | 6770 ||| DROPPING scroll of poison.
  6771 | D:7      | 6771 ||| READING 2 scrolls of teleportation.
  6778 | D:7      | Noticed Dowan
  6779 | D:7      | 6779 ||| Stepping ~*~*~tactically~*~*~ (hiding).
  6782 | D:7      | 6782 ||| Stepping ~*~*~tactically~*~*~ (hiding).
  6784 | D:7      | 6784 ||| INVOKING Heroism.
  6789 | D:7      | Killed Dowan
  6800 | D:7      | Noticed Duvessa
  6806 | D:7      | 6806 ||| INVOKING Heroism.
  6814 | D:7      | Killed Duvessa
  6997 | D:7      | 6997 ||| INVOKING Heroism.
  7142 | D:7      | 7142 ||| INVOKING Heroism.
  7359 | D:7      | 7359 ||| INVOKING Heroism.
  7365 | D:7      | Reached skill level 1 in Throwing
  7407 | D:7      | Identified the +8 mace "Faxa" {holy, Stlth+}
  7409 | D:7      | 7409 ||| DROPPING +8 mace "Faxa" {holy, Stlth+}.
  7563 | D:7      | 7563 ||| DRINKING 2 bubbling cyan potions.
  7564 | D:7      | 7564 ||| READING scroll of teleportation.
  7663 | D:7      | Killed an unseen horror
  7663 | D:7      | Reached *** piety under Okawaru
  7695 | D:7      | 7695 ||| Stepping ~*~*~tactically~*~*~ (stealth).
  7720 | D:7      | Noticed a gargoyle
  7721 | D:7      | 7721 ||| Stepping ~*~*~tactically~*~*~ (hiding).
  7725 | D:7      | Killed a gargoyle
  7726 | D:7      | Reached XP level 10. HP: 50/60 MP: 13/13
  7774 | D:7      | Noticed a gargoyle
  7775 | D:7      | 7775 ||| Stepping ~*~*~tactically~*~*~ (hiding).
  7775 | D:7      | Noticed a boulder beetle
  7776 | D:7      | 7776 ||| INVOKING Heroism.
  7787 | D:7      | HP: 6/60 [boulder beetle (11)]
  7788 | D:7      | 7788 ||| DRINKING 3 potions of heal wounds.
  7797 | D:7      | Killed a gargoyle
  7798 | D:7      | Reached skill level 9 in Axes
  7802 | D:7      | Killed a boulder beetle
  7802 | D:7      | Reached **** piety under Okawaru
  7818 | D:7      | Noticed a gargoyle
  7819 | D:7      | 7819 ||| INVOKING Heroism.
  7822 | D:7      | Killed a gargoyle
  7966 | D:7      | 7966 ||| DROPPING +0 flail.
  7992 | D:7      | 7992 ||| INVOKING Heroism.
  8186 | D:7      | Noticed a manticore
  8187 | D:7      | 8187 ||| Stepping randomly (stuck).
  8188 | D:7      | 8188 ||| Stepping randomly (stuck).
  8189 | D:7      | 8189 ||| Stepping randomly (stuck).
  8190 | D:7      | 8190 ||| Stepping randomly (stuck).
  8191 | D:7      | 8191 ||| Stepping randomly (stuck).
  8192 | D:7      | 8192 ||| Stepping randomly (stuck).
  8193 | D:7      | 8193 ||| Stepping randomly (stuck).
  8194 | D:7      | 8194 ||| Stepping randomly (stuck).
  8195 | D:7      | 8195 ||| INVOKING Heroism.
  8210 | D:7      | Killed a manticore
  8242 | D:7      | 8242 ||| READING scroll of acquirement.
  8242 | D:7      | 8242 ||| ACQUIRING +1 demon whip "Awechiky" {vamp, Contam
                  | rPois Dex+8}
  8242 | D:7      | Acquired the +1 demon whip "Awechiky" {vamp, Contam rPois
                  | Dex+8}
  8244 | D:7      | 8244 ||| DROPPING +0 morningstar.
  8248 | D:7      | 8248 ||| READING scroll of enchant weapon.
  8248 | D:7      | 8248 ||| ENCHANTING +1 war axe.
  8250 | D:7      | Identified the +11 broad axe "Tonealer" {vorpal, Str+5
                  | Int+2}
  8252 | D:7      | 8252 ||| SWAPPING to +11 broad axe "Tonealer" {vorpal,
                  | Str+5 Int+2}.
  8253 | D:7      | 8253 ||| DROPPING +2 war axe.
  8314 | D:7      | 8314 ||| UPGRADING to +6 ring of dexterity.
  8326 | D:8      | 8326 ||| INVOKING Heroism.
  8356 | D:8      | 8356 ||| INVOKING Heroism.
  8410 | D:8      | 8410 ||| Stepping ~*~*~tactically~*~*~ (hiding).
  8416 | D:8      | Reached ***** piety under Okawaru
  8430 | D:8      | 8430 ||| FLEEEEING.
  8509 | D:8      | 8509 ||| INVOKING Heroism.
  8528 | D:8      | Found a hazy altar of Hepliaklqana.
  8542 | D:8      | 8542 ||| Stepping ~*~*~tactically~*~*~ (stealth).
  8543 | D:8      | 8543 ||| INVOKING Heroism.
  8545 | D:8      | Reached skill level 6 in Invocations
  8553 | D:8      | Reached skill level 9 in Shields
  8553 | D:8      | 8553 ||| Stepping ~*~*~tactically~*~*~ (cloud).
  8717 | D:8      | Noticed a vault sentinel
  8717 | D:8      | Noticed a vault sentinel
  8718 | D:8      | 8718 ||| FLEEEEING.
  8719 | D:8      | 8719 ||| FLEEEEING.
  8720 | D:8      | 8720 ||| FLEEEEING.
  8721 | D:8      | 8721 ||| FLEEEEING.
  8727 | D:8      | 8727 ||| FLEEEEING.
  8728 | D:8      | 8728 ||| FLEEEEING.
  8729 | D:8      | 8729 ||| FLEEEEING.
  8732 | D:8      | 8732 ||| FLEEEEING.
  8733 | D:8      | 8733 ||| FLEEEEING.
  8734 | D:8      | 8734 ||| FLEEEEING.
  8738 | D:8      | 8738 ||| FLEEEEING.
  8739 | D:8      | 8739 ||| FLEEEEING.
  8740 | D:8      | 8740 ||| STAIRDANCE
  8842 | D:7      | 8842 ||| UPGRADING to +0 plate armour.
  8852 | D:7      | 8852 ||| DROPPING +0 chain mail.
  8853 | D:7      | 8853 ||| READING 2 scrolls of enchant armour.
  8853 | D:7      | 8853 ||| ENCHANTING +0 plate armour.
  8854 | D:7      | 8854 ||| READING scroll of enchant armour.
  8854 | D:7      | 8854 ||| ENCHANTING +1 plate armour.
  8855 | D:7      | 8855 ||| UPGRADING to ring of protection from fire.
  8859 | D:8      | 8859 ||| STAIRDANCE
  8865 | D:7      | Killed a vault sentinel
  8968 | D:8      | 8968 ||| STAIRDANCE
  9072 | D:8      | 9072 ||| STAIRDANCE
  9145 | D:8      | Killed a vault sentinel
  9146 | D:8      | Reached XP level 11. HP: 67/67 MP: 14/16
  9271 | D:8      | Found the +18 shield of the Gong {rElec rN+ Will+ EV-5}
  9443 | D:8      | Identified the +1 leather armour of Veq Dastri {Str+3
                  | Slay+3 Stlth+}
  9502 | D:8      | 9502 ||| UPGRADING to +18 shield of the Gong {rElec rN+
                  | Will+ EV-5}.
  9512 | D:8      | 9512 ||| DROPPING +0 kite shield.
  9513 | D:8      | 9513 ||| DROPPING amulet of faith.
  9514 | D:8      | 9514 ||| READING 2 scrolls of identify.
  9514 | D:8      | 9514 ||| IDENTIFYING fuming golden potion
  9540 | D:9      | Found a glowing silver altar of Zin.
  9562 | D:9      | 9562 ||| Stepping ~*~*~tactically~*~*~ (stealth).
  9564 | D:9      | 9564 ||| INVOKING Heroism.
  9566 | D:9      | Noticed Erica
  9567 | D:9      | 9567 ||| Stepping ~*~*~tactically~*~*~ (hiding).
  9576 | D:9      | Reached skill level 6 in Armour
  9585 | D:9      | Killed Erica
  9605 | D:9      | 9605 ||| Stepping ~*~*~tactically~*~*~ (stealth).
  9613 | D:9      | Found a staircase to the Orcish Mines.
  9619 | D:9      | 9619 ||| INVOKING Heroism.
  9646 | D:9      | Noticed a purple ugly thing
  9651 | D:9      | Killed a purple ugly thing
  9666 | D:9      | 9666 ||| Stepping ~*~*~tactically~*~*~ (stealth).
  9777 | D:9      | 9777 ||| INVOKING Heroism.
  9957 | D:9      | Found a glowing golden altar of the Shining One.
 10108 | D:9      | Noticed Erolcha
 10109 | D:9      | 10109 ||| Stepping ~*~*~tactically~*~*~ (hiding).
 10111 | D:9      | 10111 ||| INVOKING Heroism.
 10112 | D:9      | 10112 ||| INVOKING Finesse.
 10118 | D:9      | Killed Erolcha
 10119 | D:9      | Reached skill level 10 in Axes
 10123 | D:9      | Noticed Joseph
 10124 | D:9      | Found a sparkling altar of Nemelex Xobeh.
 10129 | D:9      | Killed Joseph
 10165 | D:9      | Found an opulent altar of Gozag.
 10170 | D:9      | 10170 ||| READING 2 scrolls labelled MUR JOOKHY.
 10171 | D:9      | 10171 ||| READING scroll labelled LIELOEP OFAKEF.
 10196 | D:10     | Entered Level 10 of the Dungeon
 10213 | D:10     | Received a gift from Okawaru
 10215 | D:10     | 10215 ||| DROPPING +3 vorpal broad axe.
 10223 | D:10     | 10223 ||| Stepping ~*~*~tactically~*~*~ (stealth).
 10237 | D:10     | 10237 ||| Stepping ~*~*~tactically~*~*~ (stealth).
 10240 | D:10     | 10240 ||| Stepping ~*~*~tactically~*~*~ (stealth).
 10241 | D:10     | 10241 ||| Stepping ~*~*~tactically~*~*~ (stealth).
 10242 | D:10     | 10242 ||| INVOKING Heroism.
 10267 | D:10     | Reached skill level 9 in Invocations
 10273 | D:10     | 10273 ||| Stepping ~*~*~tactically~*~*~ (hiding).
 10274 | D:10     | 10274 ||| Stepping ~*~*~tactically~*~*~ (hiding).
 10290 | D:10     | 10290 ||| Stepping ~*~*~tactically~*~*~ (hiding).
 10493 | D:10     | Found a staircase to the Lair.
 10574 | D:10     | 10574 ||| Stepping randomly (disturbance).
 10687 | D:10     | Found a radiant altar of Vehumet.
 10712 | D:10     | Found a hide-covered altar of Uskayaw.
 10736 | D:10     | 10736 ||| Stepping ~*~*~tactically~*~*~ (stealth).
 10737 | D:10     | 10737 ||| INVOKING Heroism.
 10752 | D:10     | Noticed a soul eater
 11090 | D:10     | 11090 ||| PLANNING LAIR
 11090 | D:10     | 11090 ||| DRINKING 3 bubbling black potions.
 11091 | D:10     | 11091 ||| READING 2 scrolls of identify.
 11091 | D:10     | 11091 ||| IDENTIFYING lumpy puce potion
 11092 | D:10     | 11092 ||| DRINKING potion of experience.
 11092 | D:10     | Reached skill level 11 in Axes
 11092 | D:10     | Reached XP level 12. HP: 73/73 MP: 18/20
 11134 | Lair:1   | Entered Level 1 of the Lair of Beasts
 11149 | Lair:1   | 11149 ||| Stepping ~*~*~tactically~*~*~ (hiding).
 11154 | Lair:1   | 11154 ||| INVOKING Heroism.
 11285 | Lair:1   | Reached XP level 13. HP: 78/78 MP: 21/21
 11974 | Lair:2   | 11974 ||| Stepping ~*~*~tactically~*~*~ (stealth).
 11975 | Lair:2   | 11975 ||| Stepping ~*~*~tactically~*~*~ (stealth).
 11989 | Lair:2   | Reached skill level 9 in Fighting
 12036 | Lair:2   | 12036 ||| INVOKING Heroism.
 12064 | Lair:2   | 12064 ||| INVOKING Heroism.
 12067 | Lair:2   | Identified the +1 pair of gloves of the Serpent {Int+3}
                  | (Okawaru gifted it to you on level 2 of the Lair of Beasts)
 12067 | Lair:2   | Received a gift from Okawaru
 12153 | Lair:2   | 12153 ||| INVOKING Heroism.
 12160 | Lair:2   | Reached skill level 12 in Axes
 12335 | Lair:2   | 12335 ||| Stepping ~*~*~tactically~*~*~ (stealth).
 12427 | Lair:2   | 12427 ||| Stepping ~*~*~tactically~*~*~ (stealth).
 12429 | Lair:2   | 12429 ||| Stepping ~*~*~tactically~*~*~ (stealth).
 12431 | Lair:2   | 12431 ||| Stepping ~*~*~tactically~*~*~ (stealth).
 12441 | Lair:2   | 12441 ||| Stepping ~*~*~tactically~*~*~ (stealth).
 12442 | Lair:2   | 12442 ||| INVOKING Heroism.
 12826 | Lair:2   | 12826 ||| INVOKING Heroism.
 12851 | Lair:2   | 12851 ||| DROPPING +1 pair of gloves of the Serpent
                  | {Int+3}.
 12852 | Lair:2   | 12852 ||| READING scroll labelled WAOXTO CUIFF.
 12994 | Lair:3   | 12994 ||| Stepping ~*~*~tactically~*~*~ (stealth).
 12998 | Lair:3   | 12998 ||| INVOKING Heroism.
 13042 | Lair:3   | HP: 10/82 [merfolk/+0 trident (11)]
 13043 | Lair:3   | 13043 ||| READING 2 scrolls of teleportation.
 13044 | Lair:3   | 13044 ||| DRINKING 5 potions of heal wounds.
 13046 | Lair:3   | Reached ****** piety under Okawaru
 13305 | Lair:3   | 13305 ||| Stepping ~*~*~tactically~*~*~ (stealth).
 13308 | Lair:3   | 13308 ||| INVOKING Heroism.
 13317 | Lair:3   | 13317 ||| Stepping ~*~*~tactically~*~*~ (stealth).
 13338 | Lair:3   | Reached skill level 13 in Axes
 13349 | Lair:3   | 13349 ||| INVOKING Heroism.
 13362 | Lair:3   | 13362 ||| Stepping ~*~*~tactically~*~*~ (water).
 13396 | Lair:3   | Identified the +1 pair of boots "Ludet" {rElec Int+5}
                  | (Okawaru gifted it to you on level 3 of the Lair of Beasts)
 13396 | Lair:3   | Received a gift from Okawaru
 13406 | Lair:3   | 13406 ||| Stepping ~*~*~tactically~*~*~ (stealth).
 13417 | Lair:3   | 13417 ||| Stepping ~*~*~tactically~*~*~ (stealth).
 13418 | Lair:3   | 13418 ||| Stepping ~*~*~tactically~*~*~ (stealth).
 13419 | Lair:3   | 13419 ||| INVOKING Heroism.
 13444 | Lair:3   | Reached skill level 9 in Armour
 13445 | Lair:3   | 13445 ||| Stepping ~*~*~tactically~*~*~ (hiding).
 13445 | Lair:3   | Found a hole to the Spider Nest.
 13446 | Lair:3   | 13446 ||| Stepping ~*~*~tactically~*~*~ (hiding).
 13452 | Lair:3   | 13452 ||| Stepping ~*~*~tactically~*~*~ (hiding).
 13467 | Lair:3   | Gained mutation: Your large and strong wings let you fly.
                  | [Gargoyle growth]
 13467 | Lair:3   | Reached XP level 14. HP: 88/88 MP: 22/22
 13476 | Lair:3   | 13476 ||| Stepping ~*~*~tactically~*~*~ (hiding).
 13639 | Lair:3   | Identified the +0 chain mail of the Pits of Slime {Str+5
                  | Dex+2}
 13694 | Lair:3   | Identified the amulet of Wemet {Spirit rPois Regen+ Int+4
                  | Slay+2}
 13874 | Lair:3   | Found a staircase to the Shoals.
 14027 | Lair:3   | 14027 ||| READING scroll of acquirement.
 14027 | Lair:3   | 14027 ||| ACQUIRING ring of Zajad {Fire Str-5 Dex+4 Stlth+}
 14027 | Lair:3   | Acquired the ring of Zajad {Fire Str-5 Dex+4 Stlth+}
 14029 | Lair:3   | 14029 ||| UPGRADING to ring of see invisible.
 14197 | Lair:3   | 14197 ||| DROPPING +1 pair of boots "Ludet" {rElec Int+5}.
 14198 | Lair:3   | 14198 ||| DROPPING +0 chain mail of the Pits of Slime
                  | {Str+5 Dex+2}.
 14199 | Lair:3   | 14199 ||| DROPPING +2 pair of gloves.
 14200 | Lair:3   | 14200 ||| DROPPING amulet of Wemet {Spirit rPois Regen+
                  | Int+4 Slay+2}.
 14201 | Lair:3   | 14201 ||| DRINKING 2 bubbling silvery potions.
 14306 | Lair:3   | 14306 ||| DRINKING 4 fizzy black potions.
 14407 | Lair:3   | 14407 ||| DROPPING potion of berserk rage.
 14408 | Lair:3   | 14408 ||| DROPPING 3 potions of ambrosia.
 14450 | Lair:4   | 14450 ||| Stepping ~*~*~tactically~*~*~ (stealth).
 14453 | Lair:4   | 14453 ||| Stepping ~*~*~tactically~*~*~ (hiding).
 14469 | Lair:4   | 14469 ||| Stepping ~*~*~tactically~*~*~ (hiding).
 14479 | Lair:4   | 14479 ||| Stepping ~*~*~tactically~*~*~ (stealth).
 14498 | Lair:4   | 14498 ||| Stepping ~*~*~tactically~*~*~ (stealth).
 14549 | Lair:4   | Reached skill level 14 in Axes
 14570 | Lair:4   | 14570 ||| INVOKING Heroism.
 14571 | Lair:4   | 14571 ||| INVOKING Finesse.
 15000 | Lair:4   | 15000 ||| Stepping ~*~*~tactically~*~*~ (stealth).
 15304 | Lair:5   | Entered Level 5 of the Lair of Beasts
 15306 | Lair:5   | 15306 ||| Stepping ~*~*~tactically~*~*~ (stealth).
 15307 | Lair:5   | 15307 ||| Stepping ~*~*~tactically~*~*~ (stealth).
 15308 | Lair:5   | 15308 ||| INVOKING Heroism.
 15446 | Lair:5   | 15446 ||| INVOKING Heroism.
 15466 | Lair:5   | 15466 ||| INVOKING Finesse.
 15470 | Lair:5   | 15470 ||| INVOKING Heroism.
 15491 | Lair:5   | Reached skill level 12 in Shields
 15698 | Lair:5   | Found a staircase to the Slime Pits.
 15738 | Lair:5   | 15738 ||| FLEEEEING.
 15798 | Lair:5   | 15798 ||| INVOKING Heroism.
 15799 | Lair:5   | 15799 ||| INVOKING Finesse.
 15813 | Lair:5   | HP: 17/90 [oklob plant/splash of acid (17)]
 15814 | Lair:5   | 15814 ||| READING 3 scrolls of teleportation.
 15815 | Lair:5   | 15815 ||| DRINKING 4 potions of heal wounds.
 15818 | Lair:5   | 15818 ||| READING 2 scrolls of teleportation.
 15900 | Lair:5   | 15900 ||| FLEEEEING.
 15901 | Lair:5   | 15901 ||| FLEEEEING.
 15902 | Lair:5   | 15902 ||| FLEEEEING.
 15911 | Lair:5   | 15911 ||| STAIRDANCE
 16054 | Lair:5   | 16054 ||| Stepping ~*~*~tactically~*~*~ (stealth).
 16056 | Lair:5   | 16056 ||| Stepping ~*~*~tactically~*~*~ (hiding).
 16057 | Lair:5   | 16057 ||| Stepping ~*~*~tactically~*~*~ (hiding).
 16203 | Lair:5   | 16203 ||| INVOKING Heroism.
 16204 | Lair:5   | 16204 ||| INVOKING Finesse.
 16212 | Lair:5   | 16212 ||| Stepping ~*~*~tactically~*~*~ (cloud).
 16215 | Lair:5   | 16215 ||| Stepping ~*~*~tactically~*~*~ (cloud).
 16223 | Lair:5   | 16223 ||| Stepping ~*~*~tactically~*~*~ (cloud).
 16224 | Lair:5   | 16224 ||| Stepping ~*~*~tactically~*~*~ (cloud).
 16225 | Lair:5   | 16225 ||| Stepping ~*~*~tactically~*~*~ (cloud).
 16228 | Lair:5   | HP: 19/90 [ice statue/freezing blast (26)]
 16229 | Lair:5   | 16229 ||| READING scroll of teleportation.
 16230 | Lair:5   | 16230 ||| DRINKING 4 potions of heal wounds.
 16231 | Lair:5   | 16231 ||| Stepping ~*~*~tactically~*~*~ (cloud).
 16236 | Lair:5   | Identified the +2 battleaxe of Unreason {vamp, Drain +Blink
                  | rN+} (Okawaru gifted it to you on level 5 of the Lair of
                  | Beasts)
 16236 | Lair:5   | Received a gift from Okawaru
 16312 | Lair:5   | 16312 ||| INVOKING Heroism.
 16528 | Lair:5   | 16528 ||| INVOKING Heroism.
 16559 | Lair:5   | 16559 ||| Stepping ~*~*~tactically~*~*~ (stealth).
 16563 | Lair:5   | 16563 ||| Stepping ~*~*~tactically~*~*~ (stealth).
 16564 | Lair:5   | 16564 ||| Stepping ~*~*~tactically~*~*~ (stealth).
 16584 | Lair:5   | 16584 ||| Stepping ~*~*~tactically~*~*~ (hiding).
 16588 | Lair:5   | 16588 ||| INVOKING Heroism.
 16590 | Lair:5   | 16590 ||| Stepping ~*~*~tactically~*~*~ (hiding).
 16763 | Lair:5   | 16763 ||| Stepping ~*~*~tactically~*~*~ (stealth).
 16764 | Lair:5   | 16764 ||| Stepping ~*~*~tactically~*~*~ (stealth).
 16833 | Lair:5   | 16833 ||| Stepping ~*~*~tactically~*~*~ (stealth).
 16839 | Lair:5   | 16839 ||| INVOKING Heroism.
 16842 | Lair:5   | Received a gift from Okawaru
 16843 | Lair:5   | Reached skill level 15 in Axes
 16873 | Lair:5   | 16873 ||| Stepping ~*~*~tactically~*~*~ (stealth).
 16892 | Lair:5   | 16892 ||| Stepping ~*~*~tactically~*~*~ (hiding).
 16897 | Lair:5   | 16897 ||| INVOKING Heroism.
 16906 | Lair:5   | Received a gift from Okawaru
 16907 | Lair:5   | Reached XP level 15. HP: 61/95 MP: 21/23
 17054 | Lair:5   | Found a corrupted altar of Lugonu.
 17054 | Lair:5   | Found a one-way gate to the infinite horrors of the Abyss.
 17173 | Lair:5   | 17173 ||| INVOKING Heroism.
 17174 | Lair:5   | 17174 ||| INVOKING Finesse.
 17186 | Lair:5   | 17186 ||| FLEEEEING.
 17195 | Lair:5   | 17195 ||| STAIRDANCE
 17238 | Lair:4   | 17238 ||| UPGRADING to +1 hat of stealth.
 17268 | Lair:5   | 17268 ||| INVOKING Heroism.
 17269 | Lair:5   | 17269 ||| INVOKING Finesse.
 17277 | Lair:5   | 17277 ||| Stepping ~*~*~tactically~*~*~ (cloud).
 17284 | Lair:5   | 17284 ||| Stepping ~*~*~tactically~*~*~ (cloud).
 17505 | Lair:5   | 17505 ||| INVOKING Heroism.
 17506 | Lair:5   | 17506 ||| INVOKING Finesse.
 17596 | Lair:5   | 17596 ||| INVOKING Heroism.
 17762 | Lair:5   | Noticed Kirke
 17763 | Lair:5   | 17763 ||| Stepping ~*~*~tactically~*~*~ (stealth).
 17768 | Lair:5   | 17768 ||| INVOKING Heroism.
 17769 | Lair:5   | 17769 ||| INVOKING Finesse.
 17771 | Lair:5   | Reached skill level 3 in Throwing
 17779 | Lair:5   | Killed Kirke
 17980 | Lair:5   | 17980 ||| PLANNING D:1-11
 17980 | Lair:5   | 17980 ||| DROPPING +6 ring of dexterity.
 17981 | Lair:5   | 17981 ||| DROPPING ring of protection from cold.
 17982 | Lair:5   | 17982 ||| READING scroll labelled NIUWUM FEZULU.
 18155 | D:11     | Noticed Amaemon
 18156 | D:11     | 18156 ||| Stepping ~*~*~tactically~*~*~ (hiding).
 18163 | D:11     | 18163 ||| INVOKING Heroism.
 18169 | D:11     | Killed Amaemon
 18202 | D:11     | Noticed Harold
 18203 | D:11     | 18203 ||| Stepping ~*~*~tactically~*~*~ (hiding).
 18204 | D:11     | 18204 ||| Stepping ~*~*~tactically~*~*~ (hiding).
 18207 | D:11     | 18207 ||| Stepping ~*~*~tactically~*~*~ (hiding).
 18209 | D:11     | Noticed Grum
 18215 | D:11     | Killed Grum
 18218 | D:11     | Killed Harold
 18223 | D:11     | 18223 ||| FLEEEEING.
 18224 | D:11     | 18224 ||| FLEEEEING.
 18225 | D:11     | 18225 ||| FLEEEEING.
 18226 | D:11     | 18226 ||| FLEEEEING.
 18227 | D:11     | 18227 ||| FLEEEEING.
 18228 | D:11     | 18228 ||| FLEEEEING.
 18229 | D:11     | 18229 ||| FLEEEEING.
 18230 | D:11     | 18230 ||| FLEEEEING.
 18233 | D:11     | 18233 ||| FLEEEEING.
 18234 | D:11     | 18234 ||| FLEEEEING.
 18235 | D:11     | 18235 ||| FLEEEEING.
 18236 | D:11     | 18236 ||| FLEEEEING.
 18237 | D:11     | 18237 ||| FLEEEEING.
 18238 | D:11     | 18238 ||| FLEEEEING.
 18239 | D:11     | 18239 ||| FLEEEEING.
 18241 | D:11     | 18241 ||| FLEEEEING.
 18242 | D:11     | 18242 ||| FLEEEEING.
 18246 | D:11     | 18246 ||| FLEEEEING.
 18247 | D:11     | 18247 ||| FLEEEEING.
 18248 | D:11     | 18248 ||| FLEEEEING.
 18249 | D:11     | 18249 ||| FLEEEEING.
 18250 | D:11     | 18250 ||| FLEEEEING.
 18251 | D:11     | 18251 ||| FLEEEEING.
 18252 | D:11     | 18252 ||| FLEEEEING.
 18253 | D:11     | 18253 ||| FLEEEEING.
 18258 | D:11     | 18258 ||| FLEEEEING.
 18259 | D:11     | 18259 ||| STAIRDANCE
 18263 | D:11     | 18263 ||| STAIRDANCE
 18272 | D:11     | 18272 ||| STAIRDANCE
 18276 | D:10     | Received a gift from Okawaru
 18283 | D:11     | Reached skill level 12 in Fighting
 18284 | D:11     | 18284 ||| STAIRDANCE
 18292 | D:11     | 18292 ||| STAIRDANCE
 18298 | D:11     | 18298 ||| STAIRDANCE
 18304 | D:11     | Noticed Josephine
 18305 | D:11     | 18305 ||| STAIRDANCE
 18312 | D:11     | 18312 ||| STAIRDANCE
 18318 | D:10     | Killed Josephine
 18340 | D:11     | 18340 ||| STAIRDANCE
 18351 | D:11     | 18351 ||| STAIRDANCE
 18508 | D:11     | Noticed Fannar
 18514 | D:11     | Killed Fannar
 18744 | D:11     | Identified the +3 ring mail "Upnuna" {Stlth+}
 18809 | D:11     | Found a glowing silver altar of Zin.
 19137 | D:11     | 19137 ||| PLANNING D
 19405 | D:12     | Found a runed translucent door.
 19406 | D:12     | Noticed Lytaqeus's ghost (journeyman GnWn)
 19496 | D:12     | Found an ornate altar of the Wu Jian Council.
 19730 | D:12     | Noticed Psyche
 19733 | D:12     | Killed Psyche
 20127 | D:13     | 20127 ||| Stepping ~*~*~tactically~*~*~ (hiding).
 20133 | D:13     | 20133 ||| Stepping ~*~*~tactically~*~*~ (stealth).
 20146 | D:13     | 20146 ||| Stepping ~*~*~tactically~*~*~ (stealth).
 20148 | D:13     | 20148 ||| Stepping ~*~*~tactically~*~*~ (hiding).
 20166 | D:13     | Received a gift from Okawaru
 20280 | D:13     | 20280 ||| Stepping ~*~*~tactically~*~*~ (stealth).
 20283 | D:13     | 20283 ||| INVOKING Heroism.
 20285 | D:13     | 20285 ||| Stepping ~*~*~tactically~*~*~ (stealth).
 20286 | D:13     | 20286 ||| READING 2 scrolls of teleportation.
 20310 | D:13     | 20310 ||| Stepping ~*~*~tactically~*~*~ (hiding).
 20311 | D:13     | 20311 ||| Stepping ~*~*~tactically~*~*~ (hiding).
 20312 | D:13     | 20312 ||| Stepping ~*~*~tactically~*~*~ (hiding).
 20429 | D:13     | Identified the +1 scale mail of the Morning Star {Int+5}
                  | (Okawaru gifted it to you on level 13 of the Dungeon)
 20429 | D:13     | Received a gift from Okawaru
 20559 | D:13     | 20559 ||| INVOKING Heroism.
 20637 | D:13     | 20637 ||| DROPPING amulet of guardian spirit.
 20756 | D:14     | 20756 ||| Stepping ~*~*~tactically~*~*~ (hiding).
 20757 | D:14     | 20757 ||| Stepping ~*~*~tactically~*~*~ (hiding).
 20758 | D:14     | 20758 ||| Stepping ~*~*~tactically~*~*~ (hiding).
 20777 | D:14     | Reached skill level 6 in Throwing
 20779 | D:14     | 20779 ||| INVOKING Heroism.
 20786 | D:14     | Reached skill level 16 in Axes
 20842 | D:14     | 20842 ||| INVOKING Heroism.
 21071 | D:14     | Found a gate to the Vaults.
 21173 | D:14     | 21173 ||| Stepping ~*~*~tactically~*~*~ (stealth).
 21175 | D:14     | 21175 ||| Stepping ~*~*~tactically~*~*~ (hiding).
 21186 | D:14     | 21186 ||| Stepping ~*~*~tactically~*~*~ (stealth).
 21271 | D:14     | 21271 ||| Stepping ~*~*~tactically~*~*~ (hiding).
 21272 | D:14     | 21272 ||| Stepping ~*~*~tactically~*~*~ (hiding).
 21283 | D:14     | 21283 ||| Stepping ~*~*~tactically~*~*~ (stealth).
 21469 | D:15     | Entered Level 15 of the Dungeon
 21474 | D:15     | Found an ancient bone altar of Kikubaaqudgha.
 21481 | D:15     | 21481 ||| INVOKING Heroism.
 21484 | D:15     | 21484 ||| Stepping ~*~*~tactically~*~*~ (hiding).
 21489 | D:15     | Reached XP level 16. HP: 93/101 MP: 22/24
 21594 | D:15     | 21594 ||| Stepping ~*~*~tactically~*~*~ (stealth).
 21600 | D:15     | 21600 ||| Stepping ~*~*~tactically~*~*~ (stealth).
 21661 | D:15     | 21661 ||| Stepping ~*~*~tactically~*~*~ (hiding).
 21727 | D:15     | Identified the +2 robe "Uguffolu" {Fly rF- rN+}
 21767 | D:15     | 21767 ||| INVOKING Heroism.
 21786 | D:15     | 21786 ||| Stepping ~*~*~tactically~*~*~ (stealth).
 21861 | D:15     | Found a staircase to the Depths.
 21907 | D:15     | 21907 ||| Stepping ~*~*~tactically~*~*~ (stealth).
 21908 | D:15     | 21908 ||| Stepping ~*~*~tactically~*~*~ (stealth).
 21913 | D:15     | 21913 ||| Stepping ~*~*~tactically~*~*~ (stealth).
 21914 | D:15     | 21914 ||| Stepping ~*~*~tactically~*~*~ (stealth).
 22420 | D:15     | 22420 ||| PLANNING ORC
 22581 | Orc:1    | Entered Level 1 of the Orcish Mines
 22668 | Orc:1    | 22668 ||| Stepping ~*~*~tactically~*~*~ (hiding).
 22674 | Orc:1    | 22674 ||| Stepping ~*~*~tactically~*~*~ (hiding).
 22750 | Orc:1    | Noticed Sonja
 22751 | Orc:1    | 22751 ||| INVOKING Finesse.
 22753 | Abyss:2  | Cast into level 2 of the Abyss (Sonja)
 22836 | Abyss:2  | 22836 ||| Stepping ~*~*~tactically~*~*~ (stealth).
 22877 | Abyss:2  | 22877 ||| Stepping ~*~*~tactically~*~*~ (hiding).
 22882 | Abyss:2  | 22882 ||| INVOKING Heroism.
 22883 | Abyss:2  | 22883 ||| INVOKING Finesse.
 22905 | Abyss:2  | 22905 ||| Stepping ~*~*~tactically~*~*~ (hiding).
 22907 | Abyss:2  | 22907 ||| Stepping ~*~*~tactically~*~*~ (hiding).
 22921 | Abyss:2  | 22921 ||| Stepping ~*~*~tactically~*~*~ (stealth).
 22942 | Abyss:2  | 22942 ||| Stepping ~*~*~tactically~*~*~ (stealth).
 22961 | Abyss:2  | 22961 ||| INVOKING Heroism.
 22965 | Abyss:2  | Identified the +2 battleaxe "Conservator" {pain, rElec}
                  | (Okawaru gifted it to you on level 2 of the Abyss)
 22965 | Abyss:2  | Received a gift from Okawaru
 22982 | Abyss:2  | Noticed a tentacled starspawn
 22983 | Abyss:2  | 22983 ||| Stepping ~*~*~tactically~*~*~ (hiding).
 22985 | Abyss:2  | 22985 ||| Stepping ~*~*~tactically~*~*~ (hiding).
 22986 | Abyss:2  | 22986 ||| Stepping ~*~*~tactically~*~*~ (hiding).
 22993 | Abyss:2  | Killed a tentacled starspawn
 23002 | Abyss:2  | Noticed a tentacled starspawn
 23008 | Abyss:2  | Killed a tentacled starspawn
 23009 | Abyss:2  | Reached skill level 17 in Axes
 23014 | Abyss:2  | 23014 ||| Stepping ~*~*~tactically~*~*~ (stealth).
 23016 | Abyss:2  | 23016 ||| Stepping ~*~*~tactically~*~*~ (stealth).
 23018 | Abyss:2  | 23018 ||| Stepping ~*~*~tactically~*~*~ (stealth).
 23019 | Abyss:2  | 23019 ||| Stepping ~*~*~tactically~*~*~ (stealth).
 23048 | Abyss:2  | 23048 ||| Stepping ~*~*~tactically~*~*~ (hiding).
 23049 | Abyss:2  | 23049 ||| Stepping ~*~*~tactically~*~*~ (hiding).
 23053 | Abyss:2  | 23053 ||| Stepping ~*~*~tactically~*~*~ (hiding).
 23064 | Abyss:2  | 23064 ||| INVOKING Heroism.
 23087 | Abyss:2  | Noticed an Executioner
 23096 | Abyss:2  | Killed an Executioner
 23150 | Abyss:2  | 23150 ||| Stepping ~*~*~tactically~*~*~ (stealth).
 23159 | Abyss:2  | 23159 ||| INVOKING Heroism.
 23234 | Abyss:2  | 23234 ||| Stepping ~*~*~tactically~*~*~ (stealth).
 23243 | Abyss:2  | Noticed a tentacled starspawn
 23246 | Abyss:2  | 23246 ||| INVOKING Heroism.
 23252 | Abyss:2  | Killed a tentacled starspawn
 23253 | Abyss:2  | 23253 ||| Stepping ~*~*~tactically~*~*~ (hiding).
 23254 | Abyss:2  | 23254 ||| Stepping ~*~*~tactically~*~*~ (hiding).
 23296 | Abyss:2  | 23296 ||| Stepping ~*~*~tactically~*~*~ (stealth).
 23299 | Abyss:2  | 23299 ||| INVOKING Heroism.
 23337 | Abyss:2  | 23337 ||| Stepping ~*~*~tactically~*~*~ (stealth).
 23339 | Abyss:2  | 23339 ||| Stepping ~*~*~tactically~*~*~ (hiding).
 23388 | Abyss:2  | 23388 ||| Stepping ~*~*~tactically~*~*~ (stealth).
 23401 | Abyss:2  | 23401 ||| Stepping ~*~*~tactically~*~*~ (stealth).
 23407 | Abyss:2  | Noticed a tentacled starspawn
 23412 | Abyss:2  | Killed a tentacled starspawn
 23419 | Abyss:2  | Noticed a Hell Sentinel
 23420 | Abyss:2  | 23420 ||| INVOKING Heroism.
 23421 | Abyss:2  | 23421 ||| INVOKING Finesse.
 23435 | Abyss:2  | Killed a Hell Sentinel
 23441 | Abyss:2  | Noticed a tentacled starspawn
 23444 | Abyss:2  | Killed a tentacled starspawn
 23446 | Abyss:2  | 23446 ||| Stepping ~*~*~tactically~*~*~ (stealth).
 23454 | Abyss:2  | HP: 19/104 [large abomination (21)]
 23455 | Abyss:2  | 23455 ||| READING 3 scrolls of teleportation.
 23456 | Abyss:2  | 23456 ||| DRINKING 6 potions of heal wounds.
 23540 | Abyss:2  | 23540 ||| INVOKING Heroism.
 23660 | Abyss:2  | 23660 ||| Stepping ~*~*~tactically~*~*~ (stealth).
 23705 | Abyss:2  | 23705 ||| Stepping ~*~*~tactically~*~*~ (stealth).
 23737 | Abyss:2  | 23737 ||| Stepping ~*~*~tactically~*~*~ (stealth).
 23767 | Abyss:2  | 23767 ||| Stepping ~*~*~tactically~*~*~ (hiding).
 23772 | Abyss:2  | 23772 ||| INVOKING Heroism.
 23772 | Abyss:2  | Noticed a tentacled starspawn
 23773 | Abyss:2  | 23773 ||| INVOKING Finesse.
 23778 | Abyss:2  | Reached skill level 18 in Axes
 23784 | Abyss:2  | Killed a tentacled starspawn
 23784 | Abyss:2  | Identified the +0 robe of the Lich-sworn {Str+3 Dex+4}
                  | (Okawaru gifted it to you on level 2 of the Abyss)
 23784 | Abyss:2  | Received a gift from Okawaru
 23785 | Abyss:2  | Reached skill level 3 in Dodging
 23785 | Abyss:2  | Reached XP level 17. HP: 109/109 MP: 13/23
 23807 | Abyss:2  | 23807 ||| DRINKING 9 potions of curing.
 23807 | Abyss:2  | 23807 ||| (to cure confusion)
 23823 | Abyss:2  | Paralysed by accursed screaming for 1 turns
 23843 | Abyss:2  | Gained mutation: You are very clumsy. (Dex -4) [a neqoxec]
 23844 | Abyss:2  | Noticed a bone dragon
 23852 | Abyss:2  | 23852 ||| INVOKING Heroism.
 23855 | Abyss:2  | HP: 8/87 [disintegration (17)]
 23856 | Abyss:2  | 23856 ||| READING 2 scrolls of teleportation.
 23856 | Abyss:2  | Mangled by a shadow wraith

Levels and vault maps discovered:
D:1:      dpeg_arrival_round_a, layout_loops_ring, serial_shops, shop,
          minivault_26, solitary_fountain, minmay_circled_x
D:2:      minmay_roachtagon, layout_loops_cross, hex_tiny
D:3:      layout_loops_ring, nicolae_ru_path_of_blood,
          grunt_temple_overflow_open, serial_shops, nicolae_square_shop,
          chequers_serial_rivers_small_a, minmay_misc_feat_ornament,
          grunt_decor_clamped, dk_noncrumbling_4, minivault_14,
          minmay_misc_feat_nine_boxes, uniq_jessica, uniq_ijyb
D:4:      layout_loops_cross, mainiacjoe_overflow_small_starburst,
          old_standard_altar, minitemple, uniq_eustachio
D:5:      layout_rooms, minmay_temple_entry_butterflies, sword_in_stone
D:6:      layout_gridville, portal_sewer_entry_e, lexackson_kobold_supper,
          uniq_blork_the_orc
D:7:      minmay_the_grid_triangle_9x9_rhombus_thin
          [minmay_the_grid_triangle_9x9_odd_lines,
          minmay_the_grid_triangle_9x9_prize_top_heavy,
          minmay_the_grid_triangle_9x9_descending_squares,
          minmay_the_grid_triangle_9x9_impossible_snake], layout_basic,
          minmay_fractal_squares_5, uniq_duvessa
D:8:      layout_gridville, nicolae_hepliaklqana_monster_ancestors,
          hellmonk_guarded_unrand_gong
D:9:      layout_rooms, grunt_temple_overflow_opulence, tso_oasis_becter,
          overflow_temple_1_default, david_orc_2, uniq_erolcha, uniq_erica,
          uniq_joseph
D:10:     wad_woods_tower, layout_irregular_city, nicolae_vehumet_radiance,
          nicolae_uskayaw_suspiria, kb_lookout_dungeons_type,
          minmay_tree_intersection
D:11:     layout_cave_pods, zin_statuary, uniq_grum, uniq_amaemon, uniq_harold,
          uniq_josephine, uniq_fannar
D:12:     layout_grid_maze, ebering_ghost_reflecting_pool,
          nicolae_wu_jian_immortal_techniques, uniq_psyche
D:13:     layout_gridville, grunt_livestock, minmay_hedge_maze
D:14:     layout_irregular_city, erik_vaults_2, minmay_misc_feat_secret_circle
D:15:     gammafunk_enter_depths_forms, layout_basic,
          nicolae_kikubaaqudgha_miasma_corner
Lair:1:   layout_chaotic_city, serial_forest, infiniplex_forest_lined_2,
          infiniplex_forest_lined_4_way, infiniplex_forest_clump_C,
          infiniplex_forest_clump_medium, infiniplex_forest_pool,
          lemuel_fruit_tree, grunt_megastairs_1
Lair:2:   layout_regular_city, grunt_forest_stairs_clearing
Lair:3:   regret_index_bee_streams, layout_regular_city,
          elwin_shoals_entry_stream, spider_nest_entry_a,
          infiniplex_staircase_pool_2
Lair:4:   layout_regular_city, hibernation_bobbens
Lair:5:   hellmonk_lair_end_abyssal_woods, layout_cave_pods,
          dpeg_slime_entry_enclosed, minmay_lair_oklob_bushes, ice2_lemuel,
          lemuel_fruit_fields, uniq_kirke
Orc:1:    layout_diamond_mine, mines1_david, uniq_sonja
Abyss:2:  base: D:15, guppyfry_abyss_exit_imp_island

Skill      XL: |  1  2  3  4  5  6  7  8  9 10 11 12 13 14 15 16 |
---------------+-------------------------------------------------+-----
Axes           | 2 3 4 5 6 7 8 9 11 13 15 16 18 | 18.0
Fighting       | 4 5 6 7 8 10 11 12 13 | 13.2
Invocations    | 3 4 6 11 | 11.7
Dodging        | 1 2 3 |  3.0
Shields        | 7 8 9 10 11 12 13 | 13.2
Armour         | 4 5 7 9 10 11 | 11.7
Throwing       | 1 2 6 |  6.6

Action                   |  1- 3 |  4- 6 |  7- 9 | 10-12 | 13-15 | 16-18 || total
-------------------------+-------+-------+-------+-------+-------+-------++-------
Melee: War axe           |   108 |   168 |   300 |    45 |       |       ||   621
       Headbutt          |       |       |    37 |    39 |   127 |    78 ||   281
       Broad axe         |       |       |       |   156 |   766 |   352 ||  1274
Throw: Boomerang         |       |    58 |    12 |    60 |   185 |    11 ||   326
       Javelin           |       |       |       |       |    24 |     1 ||    25
Invok: Heroism           |       |     1 |    15 |    15 |    31 |    11 ||    73
       Finesse           |       |       |       |     1 |     8 |     4 ||    13
  Use: Scroll            |     2 |     3 |    14 |     8 |     8 |     2 ||    37
       Potion            |       |     2 |     5 |     3 |     5 |     2 ||    17
Armor: Scale mail        |    47 |    25 |       |       |       |       ||    72
       Chain mail        |       |    48 |   130 |    25 |       |       ||   203
       Plate armour      |       |       |       |    37 |   137 |    66 ||   240
Dodge: Dodged            |    69 |   120 |   110 |    36 |    55 |    31 ||   421
       Repelled          |       |       |     1 |     1 |     3 |     2 ||     7
Block: Buckler           |    24 |    31 |    10 |       |       |       ||    65
       Kite shield       |       |       |   165 |   181 |   809 |   270 ||  1425
       Reflection        |       |       |     4 |    21 |    28 |     8 ||    61

Table legend:
 A = Non-vault XP
 B = Vault XP
 C = Vault XP percentage of total XP
 D = Non-vault monster count
 E = Vault monster count
 F = Vault count percentage of total count
                 A         B        C        D         E       F
            +---------+---------+-------+---------+---------+-------
      Total |  119612 |   56270 |  32.0 |     469 |     247 |  34.5
            +---------+---------+-------+---------+---------+-------
        D:1 |      16 |       8 |  33.3 |      10 |       4 |  28.6
        D:2 |      43 |      20 |  31.7 |      10 |      10 |  50.0
        D:3 |     204 |      73 |  26.4 |      19 |       2 |   9.5
        D:4 |     109 |     202 |  65.0 |      19 |       1 |   5.0
        D:5 |     560 |     362 |  39.3 |      12 |       4 |  25.0
        D:6 |     244 |     236 |  49.2 |       4 |      17 |  81.0
        D:7 |     979 |    4535 |  82.2 |      25 |      17 |  40.5
        D:8 |    1160 |     444 |  27.7 |      19 |       3 |  13.6
        D:9 |    1351 |    2319 |  63.2 |      21 |      11 |  34.4
       D:10 |    3303 |    3737 |  53.1 |      18 |      10 |  35.7
       D:11 |    2326 |    3980 |  63.1 |       7 |      11 |  61.1
       D:12 |    3334 |     371 |  10.0 |       7 |       1 |  12.5
       D:13 |    7128 |    1008 |  12.4 |      13 |       5 |  27.8
       D:14 |    8749 |    6920 |  44.2 |      18 |       8 |  30.8
       D:15 |    9017 |    4714 |  34.3 |      18 |       9 |  33.3
     Lair:1 |    2691 |     648 |  19.4 |       9 |       3 |  25.0
     Lair:2 |    7619 |    1003 |  11.6 |      31 |       6 |  16.2
     Lair:3 |    7341 |    7817 |  51.6 |      38 |      56 |  59.6
     Lair:4 |    6005 |     187 |   3.0 |      19 |       1 |   5.0
     Lair:5 |   10291 |   17541 |  63.0 |      42 |      60 |  58.8
      Orc:1 |     604 |       0 |   0.0 |       5 |       0 |   0.0
    Abyss:2 |   46538 |       0 |   0.0 |     105 |       0 |   0.0
      Sewer |       0 |     145 | 100.0 |       0 |       8 | 100.0
            +---------+---------+-------+---------+---------+-------
